 Dungeon Crawl Stone Soup version 0.30-a0-385-gfebfb9b408 (webtiles) character file.

Game seed: 1697051210165195451

31381 retardedninja the Severer (level 13, -1/124 HPs)
             Began as a Hill Orc Fighter on Dec 2, 2022.
             Was an Initiate of Gozag.
             Slain by a 16-headed hydra (6 damage)
             ... on level 4 of the Lair of Beasts.
             The game lasted 00:28:30 (19755 turns).

retardedninja the Severer (Hill Orc Fighter)       Turns: 19755, Time: 00:28:31

Health: -1/124     AC: 26    Str: 29    XL:     13   Next: 57%
Magic:  0/13       EV:  8    Int: 14    God:    Gozag
Gold:   104        SH:  8    Dex:  9    Spells: 12/12 levels left

rFire   . . .      SeeInvis .    a - +0 war axe (protect)
rCold   + . .      Faith    .    c - +1 buckler
rNeg    . . .      Spirit   +    r - +4 plate armour {rF+}
rPois   .          Reflect  .    p - +0 helmet
rElec   .          Harm     .    (no cloak)
rCorr   .          Rampage  .    x - +0 pair of gloves
Will    ++...                    n - +2 pair of boots
Stlth   ..........               C - amulet of guardian spirit
HPRegen 0.40/turn                f - ring of Paranoia {rC+ Will+ Int+2 Slay+3 Stlth+}
MPRegen 0.13/turn                q - +6 ring of strength

@: mighty, brilliant, about to teleport, hasted, very quick
A: clever 1, strong-willed 1, heat vulnerability 1
a: Renounce Religion, Potion Petition, Call Merchant, Bribe Branch


You were on level 4 of the Lair of Beasts.
You worshipped Gozag.
Gozag was aware of your devotion.
You visited 3 branches of the dungeon, and saw 16 of its levels.

You collected 3323 gold pieces.
You spent 744 gold pieces at shops.
You paid 2475 gold pieces to Gozag.

Inventory:

Hand Weapons
 a - a +0 war axe of protection (weapon)
Missiles
 k - 8 javelins
 y - 2 throwing nets
Armour
 c - a +1 buckler (worn)
 n - a +2 pair of boots (worn)
 p - a +0 helmet (worn)
 r - a +4 plate armour of fire resistance (worn)
 x - a +0 pair of gloves (worn)
 K - the +2 hat "Giru" {*Corrode +Blink Stlth+}
   (You found it on level 3 of the Lair of Beasts)

   +Blink:    It lets you blink.
   *Corrode:  It may corrode you when you take damage.
   Stlth:     It makes you more stealthy.
Jewellery
 f - the ring of Paranoia (left hand) {rC+ Will+ Int+2 Slay+3 Stlth+}
   (You bought it in a shop on level 9 of the Dungeon)

   [ring of willpower]

   Int:       It affects your intelligence (+2).
   Slay:      It affects your accuracy & damage with ranged weapons and melee
   (+3).
   rC:        It protects you from cold.
   Will:      It increases your willpower.
   Stlth:     It makes you more stealthy.
 q - a +6 ring of strength (right hand)
 C - an amulet of guardian spirit (around neck)
 L - the ring of Qacopeer {*Corrode rPois MP+9 Dex+6 Stlth+}
   (You found it on level 3 of the Lair of Beasts)

   [ring of dexterity]

   Dex:       It affects your dexterity (+6).
   rPois:     It protects you from poison.
   MP:        It affects your magic capacity (+9).
   *Corrode:  It may corrode you when you take damage.
   Stlth:     It makes you more stealthy.
Wands
 b - a wand of iceblast (19) (quivered)
 w - a wand of flame (20)
 D - a wand of charming (13)
 J - a wand of mindburst (3)
Scrolls
 d - 2 scrolls of immolation
 h - 3 scrolls of teleportation
 z - 4 scrolls of identify
 A - 2 scrolls of magic mapping
 B - a scroll of silence
 F - a scroll of torment
 G - a scroll of amnesia
Potions
 g - 2 potions of heal wounds
 i - a potion of cancellation
 l - 2 potions of flight
 m - 3 potions of lignification
 o - 2 potions of curing
 s - a potion of brilliance
 u - a potion of magic
 H - a potion of attraction
Miscellaneous
 I - a piece from Xom's chessboard (15/15)


   Skills:
 + Level 14.0 Fighting
 + Level 15.0 Axes
 + Level 12.9 Armour
 + Level 13.0 Shields


You had 12 spell levels left.
You didn't know any spells.
Your spell library contained the following spells:

 Spells                   Type           Power      Damage    Failure   Level
 Apportation              Tloc           0%         N/A       91%         1
 Freeze                   Ice            0%         1d3       91%         1
 Slow                     Hex            0%         N/A       91%         1
 Blink                    Tloc           0%         N/A       97%         2
 Momentum Strike          Conj/Tloc      0%         3d8       97%         2
 Frozen Ramparts          Ice            0%         1d1       100%        3
 Hailstorm                Conj/Ice       0%         3d3       100%        3
 Lesser Beckoning         Tloc           0%         N/A       100%        3
 Cause Fear               Hex            0%         N/A       100%        4
 Ice Form                 Ice/Tmut       0%         N/A       100%        4
 Alistair's Intoxication  Tmut/Pois      0%         N/A       100%        5
 Metabolic Englaciation   Hex/Ice        0%         N/A       100%        5
 Dragon Form              Tmut           0%         N/A       100%        7
 Dragon's Call            Summ           0%         N/A       100%        9


Dungeon Overview and Level Annotations

Branches:
Dungeon (11/15)            Temple (1/1) D:7            Lair (4/5) D:8
  Swamp (0/4) Lair:2       Spider (0/4) Lair:3          Orc (0/2) D:10
  Slime: Lair:4-5

Altars:
Ashenzari
Cheibriados
Dithmenos
Elyvilon
Fedhas
Gozag
Hepliaklqana
Kikubaaqudgha
Makhleb
Nemelex Xobeh
Okawaru
Qazlal
Ru
Sif Muna
Trog
Uskayaw
Vehumet
Wu Jian
Xom
Yredelemnul
Zin
The Shining One

Shops:
D:5 :(?*   D:8 [   D:9 (*

Annotations:
D:11 2 transporters, zishaf's ghost, journeyman DgWn
Lair:4 Nessos


Innate Abilities, Weirdness & Mutations

Your mind is acute. (Int +4, Str/Dex -1)
You are strong-willed. (Will+)
You are vulnerable to heat. (rF-)


Message History

The 15-headed hydra bites you but does no damage.
The 15-headed hydra bites you! The 15-headed hydra barely misses you.
The 15-headed hydra bites you but does no damage.
The 15-headed hydra barely misses you.
The 15-headed hydra bites you but does no damage.
The 15-headed hydra closely misses you. The 15-headed hydra bites you.
* * * LOW HITPOINT WARNING * * *
You slice one of the 15-headed hydra's heads off!
The 14-headed hydra grows two more!
You slice the 16-headed hydra!!
The 16-headed hydra is heavily wounded.
Unknown command.
Unknown command.
You barely miss the 16-headed hydra.
The 16-headed hydra is heavily wounded.
The 16-headed hydra completely misses you.
The 16-headed hydra bites you but does no damage. x2
The 16-headed hydra bites you!
* * * LOW HITPOINT WARNING * * *
The 16-headed hydra bites you.
* * * LOW HITPOINT WARNING * * *
You block the 16-headed hydra's attack.
The 16-headed hydra bites you but does no damage.
The 16-headed hydra closely misses you. You block the 16-headed hydra's attack.
The 16-headed hydra bites you.
* * * LOW HITPOINT WARNING * * *
You block the 16-headed hydra's attack.
The 16-headed hydra bites you but does no damage.
The 16-headed hydra bites you!
* * * LOW HITPOINT WARNING * * *
The 16-headed hydra bites you but does no damage. x2
The 16-headed hydra barely misses you.
As you read the scroll of teleportation, it crumbles to dust.
You feel strangely unstable. The 16-headed hydra closely misses you.
The 16-headed hydra bites you but does no damage. x2
The 16-headed hydra bites you!
* * * LOW HITPOINT WARNING * * *
The 16-headed hydra bites you!
You die...
Your body crumbles into a pile of gold.

########...#.P.... . ###
#...# .### P ##..####...#
...# #
##..........####..## ##
.............P.#...##.#
.......................
..........................
#.........D........#....#
##.......@........##...#
##.........##.........###
##....[..###....##....#.
###P..### #....#.......
##..# #............ #.#.
.##.........)..
#...................
###.##P#...##.......
###########......


You could see a 16-headed hydra.

Vanquished Creatures
  A catoblepas (Lair:4)
  A hydra (Lair:2)
  Erica (D:11)
  3 two-headed ogres
  2 boulder beetles (Lair:3)
  Lodul (D:11)
  2 bog bodies (Lair:2)
  2 lindwurms (Lair:3)
  A wolf spider (Lair:3)
  Maurice (D:8)
  A cyclops (D:11)
  6 elephants
  2 black mambas
  6 cane toads
  7 komodo dragons
  An unseen horror (D:10)
  Psyche (D:8)
  3 rime drakes
  A tarantella (Lair:3)
  A troll (D:9)
  A hornet (Lair:2)
  Prince Ribbit (D:8)
  9 blink frogs (Lair:3)
  2 jumping spiders (Lair:3)
  5 wyverns
  3 basilisks
  27 yaks
  2 steam dragons
  Grum (Lair:1)
  A redback (Lair:3)
  The ghost of thurberlil the Caller, an amateur HuSu (D:3)
  An acid dragon (D:9)
  8 water moccasins
  3 orc warriors
  3 black bears
  An ice beast (D:8)
  4 centaurs
  9 ogres
  15 wolves
  8 bullfrogs
  2 kobold brigands
  3 gnoll sergeants
  8 necrophages
  4 scorpions
  4 wights
  16 killer bees
  2 electric eels
  4 howler monkeys
  2 lava snakes (Lair:3)
  7 hounds
  4 jellies
  3 orc priests
  A gnoll bouda (D:9)
  Terence (D:3)
  4 iguanas
  A scorpion zombie (D:4)
  9 orc wizards
  A hound zombie (D:4)
  Robin (D:2)
  7 adders
  14 gnolls
  2 shadow imps
  A white imp (D:5)
  An adder zombie (D:4)
  4 worms
  5 dart slugs
  26 orcs
  6 endoplasms
  10 giant cockroaches
  12 goblins
  14 hobgoblins
  4 jackals (D:3)
  15 kobolds
  5 quokkas
  7 ball pythons
  7 bats
  2 frilled lizards
  8 rats
  2 bushes (D:4)
378 creatures vanquished.

Vanquished Creatures (others)
  A lava snake (Lair:3)
  An orc (D:5)
  A bush (D:4)
  24 fungi
  64 plants
91 creatures vanquished.

Grand Total: 469 creatures vanquished

Notes
Turn   | Place    | Note
-------+----------+-------------------------------------------
     0 | D:1      | retardedninja the Hill Orc Fighter began the quest for the
                  | Orb.
     0 | D:1      | Reached XP level 1. HP: 19/19 MP: 1/1
    57 | D:1      | Reached XP level 2. HP: 27/27 MP: 2/2
    72 | D:1      | Reached skill level 3 in Axes
   434 | D:1      | You fall into a shaft and drop 1 floor!
   487 | D:2      | Reached XP level 3. HP: 33/33 MP: 3/3
   887 | D:2      | Reached XP level 4. HP: 33/39 MP: 4/4
   954 | D:2      | Noticed Robin
   968 | D:2      | Killed Robin
  1157 | D:2      | Found a bloodstained altar of Trog.
  1459 | D:3      | Noticed an ogre
  1467 | D:3      | HP: 2/41 [ogre/+0 giant spiked club (18)]
  1468 | D:3      | Killed an ogre
  1469 | D:3      | Reached skill level 4 in Axes
  1469 | D:3      | Reached XP level 5. HP: 1/47 MP: 5/5
  2129 | D:3      | Reached skill level 5 in Fighting
  2256 | D:3      | Noticed Terence
  2261 | D:3      | Reached XP level 6. HP: 53/56 MP: 6/6
  2270 | D:3      | Killed Terence
  2515 | D:3      | Noticed thurberlil's ghost (amateur HuSu)
  2526 | D:3      | Found a runed translucent door.
  2694 | D:3      | Killed thurberlil's ghost
  2695 | D:3      | Reached skill level 5 in Axes
  2870 | D:4      | Found a blossoming altar of Fedhas.
  2965 | D:4      | Noticed a black bear
  2976 | D:4      | Killed a black bear
  2977 | D:4      | Reached skill level 5 in Armour
  2977 | D:4      | Reached skill level 5 in Shields
  2977 | D:4      | Reached XP level 7. HP: 61/61 MP: 7/7
  3663 | D:4      | Reached skill level 6 in Axes
  3685 | D:4      | Reached XP level 8. HP: 66/71 MP: 8/8
  3812 | D:5      | Entered Level 5 of the Dungeon
  3849 | D:5      | Reached skill level 7 in Axes
  4430 | D:5      | Found Heamic's Magic Scroll Boutique.
  4443 | D:5      | Found Obboes's Antique Weapon Shop.
  4482 | D:5      | Found Tonen's Book Shoppe.
  4775 | D:5      | Found Plog's CLEARANCE SALE!.
  4833 | D:5      | Identified the +2 leather armour of the Kraken {rF+ Str+3}
  5225 | D:6      | Reached XP level 9. HP: 59/78 MP: 9/9
  5633 | D:6      | Reached skill level 8 in Axes
  6774 | D:7      | Found a staircase to the Ecumenical Temple.
  6804 | Temple   | Entered the Ecumenical Temple
  6855 | Temple   | Became a worshipper of Gozag Ym Sagoz the Greedy
  7581 | D:7      | Found a radiant altar of Vehumet.
  7908 | D:7      | Found a sparkling altar of Nemelex Xobeh.
  8048 | D:7      | Found a shimmering blue altar of Sif Muna.
  8083 | D:7      | Found a bloodstained altar of Trog.
  8190 | D:8      | Noticed Prince Ribbit
  8201 | D:8      | Reached skill level 9 in Axes
  8213 | D:8      | Killed Prince Ribbit
  8438 | D:8      | Reached XP level 10. HP: 74/91 MP: 10/10
  8864 | D:8      | Noticed Maurice
  8891 | D:8      | Reached skill level 10 in Axes
  9455 | D:9      | Identified the +8 whip of Ru's Approval {distort, rC+ Will+
                  | Str-5}
 10036 | D:9      | Reached skill level 10 in Fighting
 10159 | D:8      | Found a staircase to the Lair.
 10537 | D:8      | Killed Maurice
 10537 | D:8      | Noticed Psyche
 10538 | D:8      | Gained mutation: You are vulnerable to heat. (rF-) [potion
                  | of mutation]
 10538 | D:8      | Gained mutation: Your mind is acute. (Int +4, Str/Dex -1)
                  | [potion of mutation]
 10538 | D:8      | Gained mutation: You are strong-willed. (Will+) [potion of
                  | mutation]
 10554 | D:8      | Killed Psyche
 10654 | D:8      | Reached skill level 11 in Axes
 10657 | D:8      | Reached XP level 11. HP: 87/101 MP: 11/11
 11128 | D:8      | Found Nyugg's Superior Scales.
 11472 | D:9      | Found Jumipluoro's Antique Weapon Shop.
 11473 | D:9      | Found Jakkut's Assorted Antiques.
 11756 | D:9      | Bought a coiled brass ring for 120 gold pieces
 11756 | D:9      | Identified the ring of Paranoia {rC+ Will+ Int+2 Slay+3
                  | Stlth+} (You bought it in a shop on level 9 of the Dungeon)
 11850 | D:9      | Bought a shiny plate armour for 624 gold pieces
 11875 | D:9      | Got the Discourse on Changing Glamour
 12068 | D:10     | Entered Level 10 of the Dungeon
 12120 | D:10     | Found a staircase to the Orcish Mines.
 12350 | D:10     | Reached skill level 10 in Shields
 12439 | D:10     | Found a glowing silver altar of Zin.
 12439 | D:10     | Found an ornate altar of the Wu Jian Council.
 12440 | D:10     | Found a shadowy altar of Dithmenos.
 12440 | D:10     | Found a stormy altar of Qazlal.
 12750 | D:10     | Noticed a two-headed ogre
 12756 | D:10     | Killed a two-headed ogre
 12757 | D:10     | Reached skill level 10 in Armour
 13334 | D:11     | Noticed a two-headed ogre
 13345 | D:11     | Killed a two-headed ogre
 13361 | D:11     | Noticed Erica
 13371 | D:11     | Killed Erica
 13372 | D:11     | Reached skill level 12 in Axes
 13400 | D:11     | Noticed Lodul
 13407 | D:11     | Killed Lodul
 13767 | D:11     | Noticed a two-headed ogre
 13774 | D:11     | Noticed a cyclops
 13779 | D:11     | Killed a two-headed ogre
 13787 | D:11     | Killed a cyclops
 14442 | D:11     | Noticed a tengu warrior
 14443 | D:11     | Found a bloodstained altar of Trog.
 14443 | D:11     | Noticed a moth of wrath
 14443 | D:11     | Noticed zishaf's ghost (journeyman DgWn)
 14444 | D:11     | Found a transporter.
 14471 | D:11     | Found a transporter.
 14735 | Lair:1   | Entered Level 1 of the Lair of Beasts
 14779 | Lair:1   | Reached XP level 12. HP: 112/112 MP: 12/12
 15153 | Lair:1   | Noticed Grum
 15175 | Lair:1   | Killed Grum
 15560 | Lair:2   | Reached skill level 13 in Axes
 16219 | Lair:2   | Found a staircase to the Swamp.
 16607 | Lair:2   | Noticed a six-headed hydra
 16623 | Lair:2   | Killed a 16-headed hydra
 17336 | Lair:3   | Found a runed translucent door.
 17358 | Lair:3   | Reached skill level 14 in Axes
 17387 | Lair:3   | Reached XP level 13. HP: 81/122 MP: 10/13
 17597 | Lair:3   | Found a hole to the Spider Nest.
 18299 | Lair:3   | Identified the +2 hat "Giru" {*Corrode +Blink Stlth+}
 18328 | Lair:3   | Found a runed translucent gate.
 18328 | Lair:3   | Found a runed translucent gate.
 18328 | Lair:3   | Found a runed translucent gate.
 18328 | Lair:3   | Found a runed translucent gate.
 18329 | Lair:3   | Found a runed translucent gate.
 18330 | Lair:3   | Found a runed translucent gate.
 18678 | Lair:3   | Identified the ring of Qacopeer {*Corrode rPois MP+9 Dex+6
                  | Stlth+}
 19294 | Lair:4   | Noticed Nessos
 19629 | Lair:4   | Reached skill level 15 in Axes
 19755 | Lair:4   | HP: 5/124 [16-headed hydra (10)]
 19755 | Lair:4   | Slain by a 16-headed hydra

Illustrated notes

Levels and vault maps discovered:
D:1:      minmay_arrival_solitary_statue, layout_basic, serial_park_tiny_pond,
          corexii_corridor_pit, kennysheep_small_spiral
D:2:      layout_rooms, basic_altar, uniq_robin
D:3:      layout_basic, hellmonk_ghost_happy_afterlife, uniq_terence
D:4:      layout_gridville, fedhas_altar_decomposition
D:5:      layout_rooms, cheibrodos_sewer_entry_bend, serial_shops,
          nicolae_shop_waterfront, shop_fountains, nicolae_shop_trees,
          nicolae_shop_clearance
D:6:      layout_basic, chequers_jeans
D:7:      layout_loops_corners, nicolae_overflow_crystal_walls,
          marbit_many_paths, trog_hazing_becter, tgw_sif,
          minmay_temple_entry_overgrown
D:8:      minmay_general_purpose_star, layout_basic, minmay_lair_entry_grove,
          hellmonk_scale_shop, uniq_psyche, uniq_maurice, uniq_prince_ribbit1
D:9:      layout_loops_ring, nicolae_wooded_promenade
D:10:     layout_stronghold, chequers_temple_overflow_statue_of_worship,
          orc_0_dummy, fungi_pond_lemuel
D:11:     nicolae_BIG_FREAKIN_CUBE, layout_loops_ring,
          gammafunk_ghost_wrathful_warriors, uniq_lodul, uniq_erica
Temple:   nicolae_temple_bog_church
Lair:1:   layout_misc_corridors, infiniplex_staircase_pool, lemuel_fruit_tree,
          serial_bayou_shore_b, uniq_grum
Lair:2:   layout_loops_ring, skrybe_swamp_entry_bodies, serial_bayou_shore_a,
          infiniplex_staircase_pool_2
Lair:3:   gammafunk_indiana_jones, layout_misc_corridors, dummy_spider_entry
Lair:4:   layout_gridlike, uniq_nessos

Skill      XL: |  1  2  3  4  5  6  7  8  9 10 11 12 13 |
---------------+----------------------------------------+-----
Axes           | 3 4 5 6 7 9 11 12 14 15 | 15.0
Fighting       | 4 5 6 7 9 10 11 13 14 | 14.0
Armour         | 4 5 6 8 9 10 12 | 12.9
Shields        | 4 5 6 8 9 11 12 13 | 13.0

Action                   |  1- 3 |  4- 6 |  7- 9 | 10-12 | 13-15 || total
-------------------------+-------+-------+-------+-------+-------++-------
Melee: War axe           |    90 |   165 |   411 |   653 |   206 ||  1525
Throw: Javelin           |     1 |       |       |       |       ||     1
Invok: Potion Petition   |       |       |       |       |     3 ||     3
Evoke: Wand              |       |       |     2 |       |       ||     2
  Use: Potion            |       |     5 |     3 |     6 |     9 ||    23
       Scroll            |       |       |    16 |    15 |     5 ||    36
 Stab: Distracted        |       |       |       |     1 |     1 ||     2
       Invisible         |       |       |       |     2 |    13 ||    15
Armor: Scale mail        |    51 |   120 |     8 |       |       ||   179
       Chain mail        |       |       |   174 |       |       ||   174
       Plate armour      |       |       |    29 |   510 |   151 ||   690
Dodge: Dodged            |    47 |    99 |   130 |   224 |    83 ||   583
Block: Buckler           |    16 |    36 |    92 |   228 |    84 ||   456

Table legend: (Time is in decaauts)
 A = Elapsed time spent in this place.
 B = Non-inter-level travel time spent in this place.
 C = Inter-level travel time spent in this place.
 D = Time resting spent in this place.
 E = Time spent auto-exploring this place.
 F = Levels seen in this place.
 G = Mean time per level.
                   A        B        C        D        E       F      G
               +--------+--------+--------+--------+--------+-----+--------+
         Total |  19812 |  18937 |    875 |   5101 |  10668 |  16 | 1238.2 |
       Dungeon |  14789 |  14035 |    754 |   3732 |   7887 |  11 | 1344.5 |
        Temple |     86 |     67 |     19 |      0 |     49 |   1 |   86.0 |
          Lair |   4936 |   4834 |    102 |   1368 |   2731 |   4 | 1234.0 |
               +--------+--------+--------+--------+--------+-----+--------+

Top non-repeatable levels by time:
     D:8: 2149 daAuts
     D:9: 1764 daAuts
  Lair:2: 1715 daAuts
     D:6: 1605 daAuts
     D:3: 1602 daAuts
  Lair:3: 1575 daAuts
     D:4: 1492 daAuts
     D:7: 1370 daAuts
    D:10: 1303 daAuts
    D:11: 1300 daAuts
  Lair:4: 936 daAuts
     D:5: 878 daAuts
  Lair:1: 709 daAuts
     D:1: 675 daAuts
     D:2: 646 daAuts
